 Dungeon Crawl Stone Soup version 0.26.1 (webtiles) character file.

Game seed: 4386782711461651832

111710 Gadfly the Cleaver (level 16, -2/127 HPs)
             Began as a Demonspawn Monk on Feb 5, 2021.
             Was the Champion of Makhleb.
             Killed from afar by a will-o-the-wisp (22 damage)
             ... with a foxfire
             ... on level 2 of the Swamp on Feb 6, 2021.
             The game lasted 01:30:54 (35129 turns).

Gadfly the Cleaver (Demonspawn Monk)               Turns: 35129, Time: 01:30:55

Health: -2/127     AC: 31    Str: 31    XL:     16   Next: 10%
Magic:  0/26       EV: 10    Int: 14    God:    Makhleb [******]
Gold:   2312       SH:  5    Dex: 25    Spells: 14/15 levels left

rFire    . . .     SeeInvis +   a - +1 battleaxe (elec)
rCold    . . .     Faith    .   (shield currently unavailable)
rNeg     . . .     Spirit   +   J - +4 plate armour "Doacey" {Str+7 Stlth-}
rPois    .         Reflect  +   W - +1 helmet {Int+3}
rElec    .         Harm     .   x - +2 cloak {Stlth+}
rCorr    .         Rampage  .   g - +1 pair of gloves
Will     +....                  (boots unavailable)
Stlth    ..........             n - amulet of reflection
HPRegen  0.31/turn              e - +6 ring of dexterity
MPRegen  0.40/turn              T - +6 ring of strength

@: studying Fighting, very slow
A: talons 3, slimy green scales 2, see invisible, agile 1, demonic guardian 1,
sense surroundings 1, evolution 1, magic shield, magic regeneration
a: Renounce Religion, Minor Destruction, Lesser Servant of Makhleb, Major
Destruction, Greater Servant of Makhleb


You were on level 2 of the Swamp.
You worshipped Makhleb.
Makhleb was exalted by your worship.
You visited 4 branches of the dungeon, and saw 25 of its levels.
You also visited: Bailey.

You collected 3583 gold pieces.
You spent 1271 gold pieces at shops.

Inventory:

Hand Weapons
 a - a +1 battleaxe of electrocution (weapon)
 b - a +0 battleaxe of freezing
 r - a +1 war axe of flaming
Armour
 g - a +1 pair of gloves (worn)
 q - the +1 crystal plate armour of Hecoon {Dex+4}
   (You found it in a bailey)

   It affects your dexterity (+4).
 x - a +2 cloak of stealth (worn)
 z - a +2 plate armour of cold resistance
 J - the +4 plate armour "Doacey" (worn) {Str+7 Stlth-}
   (You bought it in a shop on level 2 of the Orcish Mines)

   It affects your strength (+7).
   It makes you less stealthy.
 W - a +1 helmet of intelligence (worn)
Jewellery
 e - a +6 ring of dexterity (left hand)
 f - an uncursed ring of flight
 n - an amulet of reflection (around neck)
 o - the ring of Ajanus {rN+ Int+4 Stlth+}
   (You found it on level 5 of the Dungeon)

   [ring of positive energy]

   It affects your intelligence (+4).
   It protects you from negative energy.
   It makes you more stealthy.
 s - an uncursed ring of willpower
 w - an uncursed ring of positive energy
 A - a +6 ring of strength
 D - an uncursed ring of willpower
 M - an uncursed ring of fire
 Q - an uncursed ring of ice
 T - a +6 ring of strength (right hand)
Wands
 h - a wand of random effects (17)
 j - a wand of iceblast (31)
 m - a wand of paralysis (10)
 t - a wand of polymorph (15)
 F - a wand of flame (46)
 G - a wand of enslavement (7)
Scrolls
 d - 8 scrolls of teleportation
 p - 5 scrolls of remove curse
 v - 3 scrolls of fog
 C - 6 scrolls of enchant armour
 E - 7 scrolls of identify
 L - a scroll of blinking
 O - 7 scrolls of enchant weapon
 R - 4 scrolls of fear
 S - 2 scrolls of summoning
Potions
 c - 3 potions of might
 i - 5 potions of haste
 k - 5 potions of attraction
 l - a potion of heal wounds
 u - 4 potions of lignification
 B - 6 potions of curing
 H - 2 potions of ambrosia
 I - 4 potions of cancellation
 K - a potion of degeneration {unknown}
 N - 2 potions of resistance
 V - a potion of berserk rage
Books
 y - a manual of Fighting


   Skills:
 + Level 11.7 Fighting
 * Level 14.3 Axes
 * Level 12.5 Armour
 - Level 2.6 Dodging
 - Level 1.7 Stealth
 + Level 14.0 Invocations
 * Level 13.5 Evocations


You had 14 spell levels left.
You knew the following spells:

 Your Spells              Type           Power        Failure   Level
a - Summon Small Mammal   Summ           0%           86%         1

Your spell library contained the following spells:

 Spells                   Type           Power        Failure   Level
 Animate Skeleton         Necr           0%           86%         1
 Freeze                   Ice            0%           86%         1
 Magic Dart               Conj           0%           86%         1
 Pain                     Necr           0%           86%         1
 Call Imp                 Summ           0%           95%         2
 Searing Ray              Conj           0%           95%         2
 Call Canine Familiar     Summ           0%           99%         3
 Dazzling Flash           Conj/Hex       0%           99%         3
 Summon Guardian Golem    Hex/Summ       0%           99%         3
 Vampiric Draining        Necr           0%           99%         3
 Animate Dead             Necr           0%           100%        4
 Fulminant Prism          Conj/Hex       0%           100%        4
 Iskenderun's Mystic Bla  Conj/Tloc      0%           100%        4
 Summon Ice Beast         Ice/Summ       0%           100%        4
 Summon Lightning Spire   Summ/Air       0%           100%        4
 Agony                    Necr           0%           100%        5
 Bolt of Magma            Conj/Fire/Erth 0%           100%        5
 Iskenderun's Battlesphe  Conj           0%           100%        5
 Iron Shot                Conj/Erth      0%           100%        6
 Orb of Destruction       Conj           0%           100%        7
 Spellforged Servitor     Conj/Summ      0%           100%        7


Dungeon Overview and Level Annotations

Branches:
Dungeon (15/15)            Temple (0/1) D:4            Lair (6/6) D:11
  Swamp (2/4) Lair:4       Spider (0/4) Lair:3        Slime (0/5) Lair:6
    Orc (2/2) D:11            Elf (0/3) Orc:2        Vaults (0/5) D:13
 Depths (0/5) D:15         Bailey (visited)

Altars:
Ashenzari
Cheibriados
Elyvilon
Hepliaklqana
Makhleb
Sif Muna
Trog
Wu Jian
Xom
Zin
The Shining One
Beogh
Jiyva

Shops:
D:12 [   Orc:2 [*[[


Innate Abilities, Weirdness & Mutations

You have claws for feet.
You are mostly covered in slimy green scales. (AC +3)
A weak demonic guardian rushes to your aid.
When hurt, damage is shared between your health and your magic reserves.
You regenerate magic rapidly.
You have supernaturally acute eyesight. (SInv)
You are agile. (Dex +2)
You passively map a small area around you.
You evolve.


Message History

The will-o-the-wisp conjures some foxfire!
Your white imp hits the bunyip but does no damage.
The spriggan hits your white imp with a +0 dagger.
The tyrant leech bites you!!
* * * LOW HITPOINT WARNING * * *
The tyrant leech draws strength from your injuries!
Your white imp misses the bunyip.
The spriggan hits your white imp with a +0 dagger!
Your white imp dies! 2 foxfires come into view.
You feel much better.
The foxfire hits you but does no damage. x2
The will-o-the-wisp gestures.
The will-o-the-wisp conjures some foxfire!
You block the tyrant leech's attack. 2 foxfires come into view.
A demon appears!
You are engulfed in a cloud of scalding steam.
The foxfire hits you!!
You die...

, ≈ ♣≈≈♣♣§...
.≈≈.....♣♣
≈≈≈≈...≈.♣♣♣ ...≈
>≈≈≈≈≈.≈≈.>≈♣♣♣$§≈≈
,
♣............≈.≈≈≈≈
, ≈
♣≈.≈≈....≈§....≈≈≈≈
≈≈ ≈
♣≈≈≈§2.≈≈≈≈....≈≈≈
,
♣?≈≈≈≈≈@w5≈≈.>.≈≈≈
≈
♣♣....ixvv≈....≈≈≈
*
♣♣.....§v§......≈≈
* ♣♣†<..≈♣♣....≈≈≈
, ♣≈≈.)≈≈.♣ ♣≈...≈≈
≈ ≈≈≈.≈♣≈≈≈≈≈.♣
♣♣♣≈.≈ ≈ ≈
≈≈≈.♣♣≈≈≈≈≈♣♣ ** ≈≈
≈≈ ≈, ≈§≈≈ ♣♣≈.!.♣
≈ ≈, §≈ ♣♣≈♣♣♣ ,


You could see a bunyip (strong), a tyrant leech (strong), a will-o-the-wisp, a
spriggan, a friendly balrug (summoned) and a friendly iron imp (summoned).

Vanquished Creatures
  Jorgrun (Orc:1)
  Frances (Swamp:1)
  Kirke (Lair:4)
  A fenstrider witch (Swamp:2)
  2 bunyips
  An ettin (D:15)
  An eleionoma (Swamp:1)
  Snorg (Lair:5)
  A yaktaur captain (D:15)
  A shambling mangrove (Lair:2)
  A fire dragon (D:15)
  8 vault guards (D:13)
  Erolcha (D:10)
  A boulder beetle (Lair:3)
  12 hydras
  Harold (Lair:2)
  2 catoblepae
  Erica (D:11)
  5 orc high priests
  2 tengu warriors
  6 two-headed ogres
  2 alligators (Swamp:1)
  An ogre mage (D:15)
  4 spriggans
  5 orc knights
  A deep elf knight (D:15)
  3 goliath frogs
  A deep troll (D:15)
  An unseen horror (D:14)
  A swamp dragon (Lair:4)
  2 spriggan druids (Swamp:2)
  A bog body (Swamp:1)
  Pikel (D:3)
  5 orc sorcerers (Orc:2)
  3 ugly things
  4 deep elf magi
  A will-o-the-wisp (Lair:4)
  2 centaur zombies (D:15)
  A manticore (D:15)
  3 black mambas
  8 elephants
  23 cane toads
  6 yaktaurs (D:15)
  11 komodo dragons
  3 rime drakes
  3 trolls
  2 tengu conjurers
  A jumping spider (Lair:3)
  6 meliai
  A polar bear (Lair:4)
  7 tyrant leeches
  7 hornets
  29 blink frogs
  A dream sheep (shapeshifter) (D:13)
  7 redbacks (D:14)
  Sigmund (D:5)
  2 wraiths
  Eustachio (D:5)
  3 shadows
  A water elemental (D:12)
  27 yaks
  A centaur simulacrum (D:15)
  A vampire (D:15)
  2 wyverns
  A hog (Lair:4)
  4 basilisks
  10 vampire mosquitoes
  Menkaure (D:5)
  3 wargs
  An acid dragon (D:15)
  A swamp worm (Swamp:2)
  4 hell hounds
  13 water moccasins
  30 orc warriors
  An ice beast (D:8)
  A hornet zombie (D:8)
  A sky beast (D:13)
  2 black bears
  3 necrophages
  4 wolves
  12 ogres
  3 phantoms
  8 centaurs
  3 big kobolds
  2 lemures (D:3)
  Blork the orc (D:4)
  A gnoll sergeant (D:8)
  26 bullfrogs
  A ballistomycete (Lair:2)
  5 scorpions
  14 wights
  4 electric eels
  2 howler monkeys (D:11)
  A crimson imp (D:3)
  6 hounds
  A quasit (D:11)
  3 jellies
  Crazy Yiuf (D:4)
  19 orc priests
  2 bullfrog skeletons
  5 centaur skeletons
  5 iguanas
  Ijyb (D:4)
  10 worker ants
  23 orc wizards
  2 hound skeletons (D:4)
  A howler monkey zombie (D:7)
  A worker ant zombie (D:5)
  11 gnolls
  14 adders
  A shadow imp (D:7)
  6 white imps
  An ufetubus (D:8)
  An adder skeleton (D:8)
  2 worms
  3 dart slugs
  A leopard gecko (D:5)
  92 orcs
  4 giant cockroaches
  13 goblins
  9 hobgoblins
  7 jackals
  16 kobolds
  5 quokkas
  A ball python skeleton (D:4)
  8 bats
  5 frilled lizards
  A quokka skeleton (D:7)
  7 rats
  2 ballistomycete spores (Lair:2)
700 creatures vanquished.

Vanquished Creatures (collateral kills)
  An ettin (D:15)
  Fannar (Lair:3)
  A hydra (Lair:4)
  2 two-headed ogres
  A centaur warrior (D:15)
  A soul eater (D:13)
  A fire crab (D:15)
  2 orc knights (Bailey)
  A wolf spider (Lair:3)
  An ugly thing (D:11)
  2 elephants
  A black mamba (Lair:4)
  Joseph (D:8)
  3 cane toads (Lair:6)
  A gargoyle (D:10)
  Maggie (D:10)
  A centaur skeleton (D:11)
  A rime drake (Lair:1)
  A komodo dragon (Lair:1)
  2 trolls (D:11)
  A hornet (Swamp:1)
  A shadow (D:15)
  A yak (Lair:1)
  A fire elemental (D:13)
  A water moccasin (Lair:4)
  A wandering mushroom (Lair:2)
  A black bear (D:10)
  An ice beast (D:11)
  A necrophage (D:11)
  A phantom (D:11)
  3 wolves (D:11)
  2 bullfrogs (Lair:6)
  A ballistomycete (Lair:2)
  An electric eel (D:8)
  A centaur zombie (D:6)
  A bullfrog zombie (D:11)
  A gnoll shaman (D:6)
  3 hounds (D:11)
  An orc priest (D:11)
  An orc wizard (Orc:2)
  A gnoll (D:6)
  2 adders
  4 orcs
58 creatures vanquished.

Vanquished Creatures (others)
  2 bloated husks (Swamp:1)
  An orc wizard (Orc:2)
  3 orcs (Orc:2)
  19 ballistomycete spores (Lair:2)
  A bush (Lair:2)
  12 foxfires
  47 fungi
  109 plants
194 creatures vanquished.

Grand Total: 952 creatures vanquished

Notes
Turn   | Place    | Note
-------+----------+-------------------------------------------
     0 | D:1      | Gadfly the Demonspawn Monk began the quest for the Orb.
     0 | D:1      | Reached XP level 1. HP: 18/18 MP: 1/1
   150 | D:1      | Reached skill level 1 in Invocations
   200 | D:1      | Reached skill level 1 in Evocations
   200 | D:1      | Gained mutation: You have sharp toenails. [demonic
                  | ancestry]
   200 | D:1      | Reached XP level 2. HP: 22/24 MP: 2/2
   596 | D:2      | Reached skill level 1 in Armour
   909 | D:2      | Gained mutation: You are partially covered in slimy green
                  | scales. (AC +2) [demonic ancestry]
   909 | D:2      | Reached XP level 3. HP: 29/29 MP: 4/4
   910 | D:2      | Found a snail-covered altar of Cheibriados.
  1004 | D:2      | Found an ornate altar of the Wu Jian Council.
  1403 | D:3      | Found a shimmering blue altar of Sif Muna.
  1578 | D:3      | Identified Sif Muna's Handbook of the Snowflakes
  1590 | D:3      | Found a bloodstained altar of Trog.
  1624 | D:3      | Gained mutation: When hurt, damage is shared between your
                  | health and your magic reserves. [demonic ancestry]
  1624 | D:3      | Reached XP level 4. HP: 33/33 MP: 5/5
  1818 | D:3      | Found a glowing golden altar of the Shining One.
  1957 | D:3      | Found a burning altar of Makhleb.
  1970 | D:3      | Became a worshipper of Makhleb the Destroyer
  1970 | D:3      | Reached * piety under Makhleb
  1970 | D:3      | Reached ** piety under Makhleb
  2122 | D:3      | Reached XP level 5. HP: 32/41 MP: 7/7
  2535 | D:4      | Noticed Blork the orc
  2550 | D:4      | Killed Blork the orc
  2551 | D:4      | Reached XP level 6. HP: 4/47 MP: 2/8
  2890 | D:4      | Noticed Pikel
  3082 | D:3      | Killed Pikel
  3083 | D:3      | Gained mutation: You have razor-sharp toenails. [demonic
                  | ancestry]
  3083 | D:3      | Reached XP level 7. HP: 42/53 MP: 5/10
  3340 | D:4      | Gained mutation: A weak demonic guardian rushes to your
                  | aid. [demonic ancestry]
  3340 | D:4      | Reached XP level 8. HP: 60/60 MP: 11/11
  3439 | D:4      | Found a runed translucent door.
  3440 | D:4      | Noticed Crazy Yiuf
  3461 | D:4      | Found a staircase to the Ecumenical Temple.
  3748 | D:4      | Noticed Ijyb
  3752 | D:4      | Killed Ijyb
  4035 | D:4      | Killed Crazy Yiuf
  4036 | D:4      | Reached skill level 5 in Axes
  4095 | D:4      | Got a scorched long sword
  4185 | D:4      | Identified the +4 long sword "Ocycod" {holy, rN+ Str+3
                  | Stlth+} (You found it on level 4 of the Dungeon)
  4251 | D:5      | Entered Level 5 of the Dungeon
  4372 | D:5      | Reached skill level 5 in Evocations
  4425 | D:5      | Noticed Menkaure
  4430 | D:5      | Killed Menkaure
  4431 | D:5      | Reached skill level 5 in Invocations
  4781 | D:5      | Noticed Sigmund
  4787 | D:5      | Killed Sigmund
  4815 | D:5      | Noticed Eustachio
  4833 | D:5      | Killed Eustachio
  4978 | D:5      | Got an ancient granite ring
  5118 | D:5      | Identified the ring of Ajanus {rN+ Int+4 Stlth+} (You found
                  | it on level 5 of the Dungeon)
  5370 | D:6      | Reached *** piety under Makhleb
  5389 | D:6      | Reached skill level 5 in Armour
  5442 | D:6      | Gained mutation: You regenerate magic rapidly. [demonic
                  | ancestry]
  5442 | D:6      | Reached XP level 9. HP: 61/67 MP: 13/13
  5599 | D:6      | Reached skill level 5 in Fighting
  6268 | D:7      | Found a broken altar of Ashenzari.
  7089 | D:7      | Reached **** piety under Makhleb
  7395 | D:8      | Noticed Joseph
  7395 | D:8      | Noticed a two-headed ogre
  7410 | D:8      | Killed a two-headed ogre
  7411 | D:8      | Reached XP level 10. HP: 45/76 MP: 7/15
  7411 | D:8      | Killed Joseph
  7912 | D:8      | Noticed a red ugly thing
  7914 | D:8      | Paralysed by a hornet for 2 turns
  7924 | D:8      | HP: 5/114 [poisoned by a hornet]
  7929 | D:8      | HP: 4/114 [poisoned by a hornet]
  7934 | D:8      | HP: 3/114 [poisoned by a hornet]
  7941 | D:8      | HP: 3/114 [poisoned by a hornet]
  7949 | D:8      | HP: 4/114 [poisoned by a hornet]
  8330 | D:8      | Learned a level 1 spell: Summon Small Mammal
  8352 | D:8      | Found a shimmering altar of Xom.
  8352 | D:8      | Noticed an angel
  8353 | D:8      | Found a glowing silver altar of Zin.
  8453 | D:8      | Killed a red ugly thing
  9689 | D:9      | Found a white marble altar of Elyvilon.
 10171 | D:10     | Entered Level 10 of the Dungeon
 10190 | D:10     | Noticed Erolcha
 10203 | D:10     | Killed Erolcha
 10457 | D:10     | Reached XP level 11. HP: 42/84 MP: 8/17
 10647 | D:10     | Noticed Maggie
 10660 | D:10     | Killed Maggie
 10761 | D:10     | Noticed a two-headed ogre
 10772 | D:10     | Reached ***** piety under Makhleb
 10777 | D:10     | Killed a two-headed ogre
 11209 | D:10     | Gained mutation: Your mind is acute. (Int +2) [potion of
                  | mutation]
 11209 | D:10     | Gained mutation: You are robust. (+10% HP) [potion of
                  | mutation]
 11440 | D:11     | Found a staircase to the Lair.
 11778 | D:11     | Noticed an eight-headed hydra
 11778 | D:11     | Noticed Erica
 11790 | D:10     | Killed a four-headed hydra
 12200 | D:11     | Killed Erica
 12213 | D:11     | Reached skill level 10 in Axes
 12438 | D:11     | Noticed a two-headed ogre
 12458 | D:11     | Killed a two-headed ogre
 12459 | D:11     | Reached skill level 10 in Invocations
 12915 | D:11     | Found a staircase to the Orcish Mines.
 12915 | D:11     | You fall into a shaft and drop 1 floor!
 12988 | D:12     | Paralysed by a hornet for 2 turns
 13432 | D:11     | Noticed a purple ugly thing
 13433 | D:11     | Noticed a red ugly thing
 13457 | D:11     | Killed a red ugly thing
 13457 | D:11     | Killed a purple ugly thing
 13771 | D:11     | Gained mutation: You are mostly covered in slimy green
                  | scales. (AC +3) [demonic ancestry]
 13771 | D:11     | Reached XP level 12. HP: 100/102 MP: 19/19
 13943 | D:11     | You fall into a shaft and drop 2 floors!
 14213 | D:13     | Noticed a vault guard
 14213 | D:13     | Noticed a vault guard
 14213 | D:13     | Noticed a vault guard
 14255 | D:13     | Killed a vault guard
 14258 | D:13     | Killed a vault guard
 14305 | D:13     | Noticed a vault guard
 14321 | D:13     | Killed a vault guard
 14342 | D:13     | Found a gate to the Vaults.
 14348 | D:13     | Noticed a vault guard
 14365 | D:13     | Killed a vault guard
 14382 | D:13     | Killed a vault guard
 14393 | D:13     | Noticed a vault guard
 14433 | D:13     | Killed a vault guard
 14456 | D:13     | Noticed a vault guard
 14482 | D:13     | Killed a vault guard
 14647 | D:12     | Noticed Azrael
 14822 | D:13     | HP: 5/103 [fire elemental[Azrael] (6)]
 14960 | D:13     | Noticed a vault guard
 14993 | D:13     | Killed a vault guard
 15205 | D:13     | Noticed Azrael
 15205 | D:13     | Azrael changed into Azrael the soul eater
 15219 | D:13     | Killed Azrael the soul eater
 15791 | Lair:1   | Entered Level 1 of the Lair of Beasts
 15838 | Lair:1   | Reached skill level 10 in Evocations
 16780 | Lair:1   | Noticed a seven-headed hydra
 16795 | Lair:1   | HP: 5/104 [four-headed hydra (4)]
 16801 | Lair:1   | HP: 3/104 [three-headed hydra (5)]
 16802 | Lair:1   | Killed a two-headed hydra
 17218 | Lair:1   | Reached XP level 13. HP: 95/111 MP: 17/21
 17672 | Lair:2   | Noticed Harold
 17686 | Lair:2   | Killed Harold
 19512 | Lair:3   | Reached skill level 10 in Armour
 19830 | Lair:3   | Noticed Fannar
 19846 | Lair:3   | Killed Fannar
 20280 | Lair:3   | Found a hole to the Spider Nest.
 20976 | Lair:4   | Noticed Kirke
 20986 | Lair:4   | Killed Kirke
 21028 | Lair:4   | Found a staircase to the Swamp.
 21900 | Lair:5   | Noticed Snorg
 21910 | Lair:5   | Killed Snorg
 22100 | Lair:5   | Reached XP level 14. HP: 119/119 MP: 23/23
 22588 | Lair:6   | Entered Level 6 of the Lair of Beasts
 22992 | Lair:6   | Reached skill level 10 in Fighting
 23424 | Lair:6   | Reached ****** piety under Makhleb
 23558 | Lair:6   | Found a staircase to the Slime Pits.
 23558 | Lair:6   | Found a viscous altar of Jiyva.
 24984 | Orc:1    | Entered Level 1 of the Orcish Mines
 25175 | Orc:2    | Entered Level 2 of the Orcish Mines
 25579 | Orc:1    | Found a flagged portal.
 25607 | Bailey   | Entered a bailey
 25892 | Bailey   | Got a polished crystal plate armour
 25895 | Bailey   | Got a pair of ancient boots
 25907 | Bailey   | Identified the +1 crystal plate armour of Hecoon {Dex+4}
                  | (You found it in a bailey)
 25918 | Bailey   | Identified the +0 pair of boots of a Labyrinth {Will+
                  | Int+2} (You found it in a bailey)
 26739 | Orc:2    | Noticed Jorgrun
 26804 | Orc:1    | Killed Jorgrun
 26809 | Orc:1    | Lost mutation: Your mind is acute. (Int +2) [potion of
                  | mutation]
 26809 | Orc:1    | Lost mutation: You are robust. (+10% HP) [potion of
                  | mutation]
 26809 | Orc:1    | Gained mutation: You are dopey. (Int -2) [potion of
                  | mutation]
 26809 | Orc:1    | Gained mutation: You have a pair of small horns on your
                  | head. [potion of mutation]
 26809 | Orc:1    | Gained mutation: You are agile. (Dex +2) [potion of
                  | mutation]
 26810 | Orc:1    | Lost mutation: You are agile. (Dex +2) [potion of mutation]
 26810 | Orc:1    | Lost mutation: You are dopey. (Int -2) [potion of mutation]
 26810 | Orc:1    | Lost mutation: You have a pair of small horns on your head.
                  | [potion of mutation]
 26810 | Orc:1    | Gained mutation: Your mind is acute. (Int +2) [potion of
                  | mutation]
 26810 | Orc:1    | Gained mutation: You are clumsy. (Dex -2) [potion of
                  | mutation]
 26810 | Orc:1    | Gained mutation: You possess an exceptional clarity of
                  | mind. [potion of mutation]
 26811 | Orc:1    | Lost mutation: Your mind is acute. (Int +2) [potion of
                  | mutation]
 26811 | Orc:1    | Lost mutation: You are clumsy. (Dex -2) [potion of
                  | mutation]
 26811 | Orc:1    | Lost mutation: You possess an exceptional clarity of mind.
                  | [potion of mutation]
 26811 | Orc:1    | Gained mutation: You have claws for feet. [potion of
                  | mutation]
 26811 | Orc:1    | Gained mutation: Your muscles are strong. (Str +2) [potion
                  | of mutation]
 26811 | Orc:1    | Gained mutation: You are agile. (Dex +2) [potion of
                  | mutation]
 26811 | Orc:1    | Gained mutation: You are very agile. (Dex +4) [potion of
                  | mutation]
 26812 | Orc:1    | Lost mutation: Your muscles are strong. (Str +2) [potion of
                  | mutation]
 26812 | Orc:1    | Lost mutation: You have claws for feet. [potion of
                  | mutation]
 26812 | Orc:1    | Gained mutation: Scrolls take you a little longer to read.
                  | [potion of mutation]
 26812 | Orc:1    | Gained mutation: You have a pair of small horns on your
                  | head. [potion of mutation]
 27029 | Orc:2    | Found a staircase to the Elven Halls.
 27503 | Orc:2    | Found Yneqaoha's Armour Shop.
 27846 | Orc:2    | Reached XP level 15. HP: 117/117 MP: 21/24
 27898 | Orc:2    | Found Woqoeqad's Assorted Antiques.
 27900 | Orc:2    | Found Merol's Armour Emporium.
 27900 | Orc:2    | Found Gomiad's Antique Armour Emporium.
 27969 | Orc:2    | Bought a +2 pair of boots of flying for 322 gold pieces
 28028 | Orc:2    | Found a roughly hewn altar of Beogh.
 28140 | Orc:2    | Bought the +4 plate armour "Doacey" {Str+7 Stlth-} for 949
                  | gold pieces
 28286 | D:12     | Found Butout's Armour Shoppe.
 28420 | D:12     | Lost mutation: You have a pair of small horns on your head.
                  | [potion of mutation]
 28420 | D:12     | Lost mutation: Scrolls take you a little longer to read.
                  | [potion of mutation]
 28420 | D:12     | Gained mutation: You evolve. [potion of mutation]
 28420 | D:12     | Gained mutation: You passively map a small area around you.
                  | [potion of mutation]
 28420 | D:12     | Lost mutation: You are very agile. (Dex +4) [potion of
                  | mutation]
 28420 | D:12     | Gained mutation: You have supernaturally acute eyesight.
                  | (SInv) [potion of mutation]
 28994 | D:13     | Gained mutation: You have claws for feet. [evolution]
 30030 | D:14     | Found a hazy altar of Hepliaklqana.
 30698 | D:15     | Entered Level 15 of the Dungeon
 32438 | D:15     | Found a staircase to the Depths.
 32540 | D:15     | Identified a scroll of acquirement
 32547 | D:15     | Acquired a manual of Fighting
 32726 | Swamp:1  | Entered Level 1 of the Swamp
 34013 | Swamp:1  | Noticed Frances
 34367 | Swamp:1  | Killed Frances
 34990 | Swamp:1  | Mutation became permanent: You have razor-sharp toenails.
                  | [demonic ancestry]
 34990 | Swamp:1  | Gained mutation: You have claws for feet. [demonic
                  | ancestry]
 34990 | Swamp:1  | Reached XP level 16. HP: 126/126 MP: 26/26
 35114 | Swamp:2  | Paralysed by a fenstrider witch for 2 turns
 35127 | Swamp:2  | HP: 2/127 [tyrant leech[a spriggan druid] (25)]
 35129 | Swamp:2  | Killed from afar by a will-o-the-wisp

Illustrated notes

Levels and vault maps discovered:
D:1:      dpeg_arrival_arbitrary_c, layout_rooms
D:2:      layout_loops_cross, nicolae_overflow_hidden_temple, old_standard_altar
D:3:      layout_rooms, nzn_overflow_gifts_of_might_and_magic, tso_altar,
          makhleb_grotto_becter, due_unseen_surprise
D:4:      layout_gridville, temple_doors_e, uniq_blork_the_orc, uniq_ijyb,
          uniq_pikel, uniq_crazy_yiuf_cottage
D:5:      layout_loops_cross, uniq_menkaure, uniq_eustachio, uniq_sigmund
D:6:      layout_basic
D:7:      layout_loops_ring, basic_altar, minmay_fractal_squares_gapless_5
D:8:      kennysheep_big_flooded_room, layout_basic,
          grunt_temple_overflow_order_and_chaos_1, uniq_joseph
D:9:      layout_basic, lemuel_coloured_pillars_altar,
          minmay_misc_feat_nine_boxes
D:10:     layout_rooms, kennysheep_big_empty_room, uniq_maggie, uniq_erolcha
D:11:     layout_long_grid, erik_lair_island, david_orc_2,
          kennysheep_small_spiral, minmay_misc_feat_hallway, uniq_erica
D:12:     layout_basic, serial_shops, shop, uniq_azrael
D:13:     layout_loops_ring, erik_vaults_2, serial_rivers,
          chequers_serial_rivers_large_a, chequers_serial_rivers_micro_c,
          chequers_serial_rivers_micro_e, chequers_serial_rivers_room_b,
          chequers_serial_rivers_micro_d, minmay_misc_feat_square,
          kennysheep_generic_room_3
D:14:     layout_irregular_city, basic_altar, drop_trap
D:15:     hangedman_depths_entry_civil_slaughter, layout_rooms,
          minmay_misc_feat_more_columns, grunt_decor_resistance,
          minmay_checkered_concentric_circles
Lair:1:   layout_cave_pods, infiniplex_staircase_pool, grunt_megastairs_2
Lair:2:   dpeg_oklob_gauntlet, layout_gridlike, uniq_harold
Lair:3:   layout_roguey, spider_nest_entry_funnel_web, uniq_fannar
Lair:4:   layout_cave_pods, swamp_mist, patterned_corridor, uniq_kirke
Lair:5:   layout_regular_city, serial_rivers, chequers_serial_rivers_micro_c,
          chequers_serial_rivers_large_b, chequers_serial_rivers_room_b,
          chequers_serial_rivers_small_3, chequers_serial_rivers_marsh,
          chequers_serial_rivers_micro_d, uniq_snorg
Lair:6:   minmay_lair_end_frog_pond, layout_regular_city, slime_altar_1
Swamp:1:  layout_basic_swamp, evilmike_swamp_ruin_house_6, uniq_frances
Swamp:2:  layout_basic_swamp, nicolae_swamp_dense_foliage
Orc:1:    layout_diamond_mine, enter_bailey_5
Orc:2:    st_orc_elflike, layout_caves, bh_open_orc_temple, uniq_jorgrun

Skill      XL: |  1  2  3  4  5  6  7  8  9 10 11 12 13 14 15 |
---------------+----------------------------------------------+-----
Invocations    | 1 2 3 4 5 7 8 10 11 12 13 14 | 14.0
Evocations     | 1 2 3 4 5 6 7 8 10 11 12 13 | 13.5
Armour         | 1 2 3 4 5 6 7 9 10 11 12 | 12.5
Axes           | 3 4 6 7 9 10 11 12 13 14 | 14.3
Fighting       | 4 6 7 8 9 10 11 | 11.7
Dodging        | |  2.6
Stealth        | |  1.7

Action                   |  1- 3 |  4- 6 |  7- 9 | 10-12 | 13-15 | 16-18 || total
-------------------------+-------+-------+-------+-------+-------+-------++-------
Melee: Hand axe          |    42 |       |       |   687 |  1342 |       ||  2071
       Kick              |    21 |    43 |   103 |   155 |   194 |    11 ||   527
       Dagger            |    27 |    69 |       |       |       |       ||    96
       Short sword       |       |    35 |   238 |    16 |       |       ||   289
       War axe           |       |       |    39 |    50 |    69 |     3 ||   161
       Battleaxe         |       |       |       |       |   305 |    13 ||   318
       Headbutt          |       |       |       |       |   109 |       ||   109
Invok: Minor Destruction |       |     5 |    25 |    45 |    89 |       ||   164
       Lesser Servant of |       |       |     1 |     5 |     7 |       ||    13
       Major Destruction |       |       |       |       |     2 |       ||     2
       Greater Servant o |       |       |       |       |     1 |     1 ||     2
 Abil: Evoke Flight      |       |       |       |       |     2 |       ||     2
Evoke: Wand              |       |       |     2 |    16 |     9 |       ||    27
  Use: Scroll            |     6 |       |    12 |     6 |    19 |       ||    43
       Potion            |       |       |     3 |     8 |     5 |     1 ||    17
 Stab: Sleeping          |     4 |       |       |       |       |       ||     4
       Distracted        |     1 |       |     4 |    14 |    19 |       ||    38
       Paralysed         |       |       |     1 |     5 |       |       ||     6
       Petrified         |       |       |       |       |     1 |       ||     1
Armor: Leather armour    |     4 |       |       |       |       |       ||     4
       Ring mail         |    14 |    35 |    25 |       |       |       ||    74
       Chain mail        |       |       |   101 |   273 |       |       ||   374
       Scale mail        |       |       |    25 |       |       |       ||    25
       Plate armour      |       |       |       |   142 |   907 |    32 ||  1081
       Crystal plate arm |       |       |       |       |   188 |       ||   188
Dodge: Dodged            |    32 |    60 |   138 |   207 |   566 |    22 ||  1025
Block: Other             |       |       |    33 |   138 |   324 |    10 ||   505
       Reflection        |       |       |     1 |     7 |     7 |     1 ||    16
